 Dungeon Crawl Stone Soup version 0.27-a0-1193-g8631133539 (webtiles) character file.

Game seed: 7357789973756057729

86 ArcanElement the Shield-Bearer (level 4, -4/35 HPs)
             Began as a Human Fighter on May 25, 2021.
             Killed from afar by an orc wizard (7 damage)
             ... with a puff of flame
             ... on level 3 of the Dungeon.
             The game lasted 00:04:46 (2965 turns).

ArcanElement the Shield-Bearer (Human Fighter)      Turns: 2965, Time: 00:04:46

Health: -4/35      AC:  5    Str: 16    XL:     4   Next: 77%
Magic:  4/4        EV:  8    Int:  8    God:
Gold:   58         SH:  0    Dex: 14    Spells: 3/3 levels left

rFire    . . .     SeeInvis .   g - +4 dagger
rCold    . . .     Faith    .   c - +0 kite shield
rNeg     . . .     Spirit   .   i - +0 ring mail
rPois    .         Reflect  .   (no helmet)
rElec    .         Harm     .   (no cloak)
rCorr    .         Rampage  .   (no gloves)
Will     .....                  (no boots)
Stlth    ..........             (no amulet)
HPRegen  0.11/turn              (no ring)
MPRegen  0.09/turn              (no ring)

@: confused
A: no striking features
a: no special abilities


You were on level 3 of the Dungeon.
You visited 1 branch of the dungeon, and saw 3 of its levels.

You collected 58 gold pieces.

Inventory:

Hand Weapons
 a - a +0 long sword
 g - a +4 dagger (weapon)
Armour
 b - a +0 scale mail
 c - a +0 kite shield (worn)
 i - a +0 ring mail (worn)
Scrolls
 e - 2 scrolls of fog
 f - a scroll of teleportation
 j - a scroll of magic mapping
Potions
 d - 3 potions of might
 h - 2 potions of flight


   Skills:
 + Level 3.5 Fighting
 + Level 2.4 Long Blades
 + Level 3.4 Armour
 + Level 0.9 Dodging
 + Level 3.6 Shields
 * Level 1.2 Invocations


You had 3 spell levels left.
You didn't know any spells.
Your spell library was empty.

Dungeon Overview and Level Annotations

Branches:
Dungeon (3/15)

Altars:


Message History

The orc wizard hits you with a +0 dagger.
The orc wizard casts a spell at you.
You are confused.
Unknown command.
You closely miss the orc wizard.
The orc wizard is moderately wounded.
The orc wizard hits you with a +0 dagger. x2
The orc wizard hits you but does no damage.
You see here a scroll labelled QAEHIOSA ESSA.
The orc wizard gestures at itself while chanting.
The orc wizard flickers and vanishes!
Deactivating autopickup; reactivate with Ctrl-A.
Okay, then.
You bump into the rock wall.
The orc wizard hits you with a +0 dagger.
Unknown command.
You bump into the rock wall.
The orc wizard casts a spell at you. The puff of flame misses you.
Something hits you.
You bump into the rock wall.
You feel less confused.
The orc wizard hits you with a +0 dagger.
Something hits you.
The orc wizard points at you and mumbles some strange words.
The puff of flame hits you!
* * * LOW HITPOINT WARNING * * *
You hear some strange, mumbled words.
A puff of flame appears from out of thin air!
The puff of flame hits you.
* * * LOW HITPOINT WARNING * * *
The orc wizard gestures at you while chanting.
A magic dart appears from out of thin air!
The magic dart hits you.
* * * LOW HITPOINT WARNING * * *
You hear some strange, mumbled words.
You are confused.
Found a stone staircase leading down.
A puff of flame appears from out of thin air!
The puff of flame hits you!
You die...

##...#### ########
#...>.... .......#
#....... ######.# #......
#.# #....# ## #.# #...#
....##.#########...# #
................@..# .#
###.#####.######...##.# #
#.# #......### #.#####.###
#...........#
..........####..{##.###..#
#######.........o...###..#
#.#.####..##o..##..# #.#.#
#...........# #.#.#
##.##...##.##


You could see 2 orc wizards.

Vanquished Creatures
  An adder (D:1)
  3 worms
  A dart slug (D:1)
  An orc (D:3)
  7 bats
  5 endoplasms
  3 giant cockroaches
  5 hobgoblins
  7 jackals
  A quokka (D:2)
  5 ball pythons
  3 frilled lizards (D:1)
  6 goblins
  6 kobolds
  6 rats
60 creatures vanquished.

Notes
Turn   | Place    | Note
-------+----------+-------------------------------------------
     0 | D:1      | ArcanElement the Human Fighter began the quest for the Orb.
     0 | D:1      | Reached XP level 1. HP: 18/18 MP: 1/1
   347 | D:1      | Reached XP level 2. HP: 24/24 MP: 2/2
   785 | D:1      | Reached XP level 3. HP: 29/29 MP: 3/3
   953 | D:1      | Found a faded altar of an unknown god.
  1509 | D:1      | Reached skill level 1 in Invocations
  1630 | D:2      | Reached XP level 4. HP: 22/35 MP: 4/4
  2965 | D:3      | Killed from afar by an orc wizard

Illustrated notes

Levels and vault maps discovered:
D:1:      dpeg_arrival_houses_and_road, layout_loops_corners,
          shapermc_ecumenical_altar_venn
D:2:      layout_basic, serial_bayou_pond_e
D:3:      layout_loops_ring

Skill      XL: |  1  2  3 |
---------------+----------+-----
Invocations    | 1 |  1.2
Fighting       | |  3.5
Long Blades    | |  2.4
Armour         | |  3.4
Dodging        | |  0.9
Shields        | |  3.6

Action                   |  1- 3 |  4- 6 || total
-------------------------+-------+-------++-------
Melee: Long sword        |    53 |       ||    53
       Dagger            |    56 |    96 ||   152
  Use: Potion            |     1 |       ||     1
       Scroll            |       |     3 ||     3
Armor: Scale mail        |    57 |    32 ||    89
       Ring mail         |       |     5 ||     5
Dodge: Dodged            |    37 |    23 ||    60
Block: Kite shield       |    73 |    36 ||   109
       Rpst.: Long sword |     4 |       ||     4

Table legend: (Time is in decaauts)
 A = Elapsed time spent in this place.
 B = Non-inter-level travel time spent in this place.
 C = Inter-level travel time spent in this place.
 D = Time resting spent in this place.
 E = Time spent auto-exploring this place.
 F = Levels seen in this place.
 G = Mean time per level.
                   A        B        C        D        E       F      G
               +--------+--------+--------+--------+--------+-----+--------+
         Total |   3020 |   2968 |     52 |    679 |   1764 |   3 | 1006.7 |
       Dungeon |   3020 |   2968 |     52 |    679 |   1764 |   3 | 1006.7 |
               +--------+--------+--------+--------+--------+-----+--------+

Top non-repeatable levels by time:
     D:1: 1846 daAuts
     D:2: 919 daAuts
     D:3: 255 daAuts
